 Dungeon Crawl Stone Soup version 0.31-a0-233-g139696dc86 (webtiles) character file.

Game seed: 17661569316140465652

105 Nietzsche the Sneak (level 4, -1/31 HPs)
             Began as a Vampire Enchanter on July 10, 2023.
             Slain by Crazy Yiuf
             ... wielding a +4 quarterstaff of chaos
              (18 damage)
             ... on level 3 of the Dungeon.
             The game lasted 00:06:57 (2896 turns).

Nietzsche the Sneak (Vampire Enchanter)             Turns: 2896, Time: 00:06:58

Health: -1/31      AC:  2    Str:  7    XL:     4   Next: 54%
Magic:  7/7        EV: 13    Int: 19    God:
Gold:   117        SH:  0    Dex: 14    Spells: 7/7 levels left

rFire   . . .        a - +1 dagger
rCold   . . .        (no shield)
rNeg    . . .        b - +0 robe
rPois   .            (no helmet)
rElec   .            (no cloak)
rCorr   .            (no gloves)
SInv    +            (no boots)
Will    .....        (no amulet)
Stlth   +++          g - ring of flight
HPRegen 0.45/turn    (no ring)
MPRegen 0.10/turn

%: no passive effects
@: flying, healing quickly
A: alive, fangs 3, see invisible, vampiric 2
a: Exsanguinate


You were on level 3 of the Dungeon.
You visited 1 branch of the dungeon, and saw 3 of its levels.

You collected 117 gold pieces.

Inventory:

Hand Weapons
 a - a +1 dagger (weapon)
Missiles
 n - 3 silver javelins
Armour
 b - a +0 robe (worn)
Jewellery
 g - a ring of flight (left hand)
Scrolls
 d - a scroll of acquirement {unknown}
 f - a scroll of enchant armour {unknown}
 i - 3 scrolls of identify {unknown}
 j - a scroll of noise {unknown}
 k - 2 scrolls of silence {unknown}
 l - a scroll of poison {unknown}
 m - 2 scrolls of teleportation {unknown}
Potions
 c - 2 potions of invisibility
 e - a potion of magic {unknown}
 h - 2 potions of curing {unknown}


   Skills:
 + Level 0.8 Fighting
 + Level 2.2 Short Blades
 + Level 3.1 Dodging
 + Level 5.7 Stealth
 + Level 2.1 Spellcasting
 + Level 5.2 Hexes


You had 7 spell levels left.
You didn't know any spells.
Your spell library contained the following spells:

 Spells                   Type           Power      Damage    Failure   Level
 Confusing Touch          Hex            22%        N/A       6%          3
 Tukima's Dance           Hex            22%        N/A       6%          3
 Ensorcelled Hibernation  Hex/Ice        24%        N/A       9%          2
 Dazzling Flash           Conj/Hex       24%        N/A       17%         3


Dungeon Overview and Level Annotations

Branches:
Dungeon (3/15)

Altars:
Dithmenos
Xom

Shops:
D:2 =   D:3 :

Annotations:
D:3 Crazy Yiuf


Innate Abilities, Weirdness & Mutations

Your natural rate of healing is accelerated.
You have razor-sharp teeth.
You have supernaturally acute eyesight. (SInv)
You are afflicted with vampirism and can become a bat while bloodless.


Message History

A nearby fungus withers and dies.
You see here a +0 hammer.
You see here a +0 hammer.
Found seven hammers.
Found a runed translucent door.
You see here a +0 hammer.
Found a hammer.
Crazy Yiuf shouts!
You see here a +0 hammer.
You see here a +0 hammer.
Found three hammers.
You see here a +0 hammer.
You reach down and open the door.
You barely miss Crazy Yiuf. You bite Crazy Yiuf, but do no damage.
Crazy Yiuf closely misses you.
You hit Crazy Yiuf but do no damage. Your bite misses Crazy Yiuf.
Crazy Yiuf barely misses you.
You hit Crazy Yiuf but do no damage.
Crazy Yiuf twirls on the spot.
Crazy Yiuf misses you.
You barely miss Crazy Yiuf.
Crazy Yiuf says, "Sif Muna!"
Crazy Yiuf hits you with a +4 quarterstaff of chaos!
Ouch! That really hurt!
You hit Crazy Yiuf. Your bite misses Crazy Yiuf.
Crazy Yiuf is lightly wounded.
Crazy Yiuf grits, "Island Orb Guardian alas!"
Crazy Yiuf misses you.
You hit Crazy Yiuf but do no damage. Your bite misses Crazy Yiuf.
Crazy Yiuf is lightly wounded.
You barely miss Crazy Yiuf.
Crazy Yiuf is lightly wounded.
Crazy Yiuf barely misses you.
You hit Crazy Yiuf but do no damage.
Crazy Yiuf is lightly wounded.
Crazy Yiuf closely misses you.
You hit Crazy Yiuf but do no damage. Your bite misses Crazy Yiuf.
Crazy Yiuf is lightly wounded.
Crazy Yiuf hits you with a +4 quarterstaff of chaos!!
Ouch! That really hurt!
You die...

##....####
#.#..8... #'..'#
#........ ##...#
#........ #..)#
###......†. ##)##
#.......... ##)#
#.#[#....## #)##
##.#.#....# ##)#
#.......### #@##
#....#..# #g#
##.###..# ))) #.#
#..# #)))#
##.###..# #).)#
#.......# # #####
##.####.# ## #.#
#.###.
########.####.#..#
#..............#..


You could see Crazy Yiuf.

Vanquished Creatures
  4 adders
  A worm (D:2)
  2 dart slugs
  2 orcs (D:3)
  4 endoplasms
  3 goblins
  9 hobgoblins
  2 jackals (D:2)
  5 kobolds
  2 quokkas (D:2)
  7 ball pythons
  7 bats
  4 frilled lizards
  7 rats
59 creatures vanquished.

Notes
Turn   | Place    | Note
-------+----------+-------------------------------------------
     0 | D:1      | Nietzsche the Vampire Enchanter began the quest for the
                  | Orb.
     0 | D:1      | Reached XP level 1. HP: 13/13 MP: 3/3
   408 | D:1      | Reached XP level 2. HP: 19/19 MP: 5/5
   986 | D:2      | Reached skill level 5 in Stealth
  1051 | D:2      | Reached skill level 5 in Hexes
  1170 | D:2      | Found a shimmering altar of Xom.
  1177 | D:2      | Gained mutation: You are afflicted with vampirism and can
                  | become a bat while bloodless. [Vampire growth]
  1177 | D:2      | Reached XP level 3. HP: 24/24 MP: 6/6
  1344 | D:2      | Found Xorrov's Jewellery Shoppe.
  1685 | D:2      | Reached XP level 4. HP: 31/31 MP: 7/7
  1919 | D:3      | Found a faded altar of an unknown god.
  1970 | D:3      | Found a shadowy altar of Dithmenos.
  2048 | D:3      | Found Zunof's Book Emporium.
  2883 | D:3      | Found a runed translucent door.
  2884 | D:3      | Noticed Crazy Yiuf
  2896 | D:3      | Slain by Crazy Yiuf

Illustrated notes

Levels and vault maps discovered:
D:1:      roderic_octagonal_star, layout_loops_corners
D:2:      layout_loops_ring, serial_shops, nicolae_shop_gaudy_bauble,
          basic_altar
D:3:      minmay_evil_eye, layout_loops_ring, old_standard_altar,
          grunt_dithmenos_smoke, serial_shops, nicolae_shop_real_fake_doors,
          shapermc_ecumenical_altar_mp_ritualfount, kennysheep_doodads,
          minmay_misc_feat_four_crosses, grunt_ministairs_7,
          kennysheep_generic_room_8, uniq_crazy_yiuf_cottage

Skill      XL: |  1  2  3  4 |
---------------+-------------+-----
Stealth        | 5 |  5.7
Hexes          | 5 |  5.2
Dodging        | 3 |  3.1
Short Blades   | 2 |  2.2
Fighting       | |  0.8
Spellcasting   | |  2.1

Action                     |  1- 3 |  4- 6 || total
---------------------------+-------+-------++-------
  Melee: Dagger            |   112 |   103 ||   215
         Bite              |     7 |    13 ||    20
         Punch             |     1 |     1 ||     2
   Stab: Sleeping          |    15 |     1 ||    16
 Armour: Robe              |    14 |    13 ||    27
  Dodge: Dodged            |    81 |    64 ||   145

Table legend: (Time is in decaauts)
 A = Elapsed time spent in this place.
 B = Non-inter-level travel time spent in this place.
 C = Inter-level travel time spent in this place.
 D = Time resting spent in this place.
 E = Time spent auto-exploring this place.
 F = Levels seen in this place.
 G = Mean time per level.
                   A        B        C        D        E       F      G
               +--------+--------+--------+--------+--------+-----+--------+
         Total |   2880 |   2592 |    288 |      0 |   2003 |   3 |  960.0 |
       Dungeon |   2880 |   2592 |    288 |      0 |   2003 |   3 |  960.0 |
               +--------+--------+--------+--------+--------+-----+--------+

Top non-repeatable levels by time:
     D:3: 1081 daAuts
     D:1: 979 daAuts
     D:2: 819 daAuts
